 Dungeon Crawl Stone Soup version 0.30-a0-949-g53dc5368d7 (webtiles) character file.

Game seed: 6632821749917955777

2524 cforsyth the Fighter (level 9, -2/79 HPs)
             Began as a Formicid Fighter on Mar 28, 2023.
             Was an Initiate of Ru.
             Succumbed to a killer bee's poison
             ... on level 8 of the Dungeon.
             The game lasted 00:11:12 (8127 turns).

cforsyth the Fighter (Formicid Fighter)             Turns: 8127, Time: 00:11:13

Health: -2/79      AC:  9    Str: 30    XL:     9   Next: 84%
Magic:  9/9        EV:  9    Int:  9    God:    Ru [......]
Gold:   356        SH:  5    Dex: 13    Spells: 8/8 levels left

rFire   . . .      SeeInvis +    I - +3 morningstar
rCold   . . .      Faith    .    c - +0 buckler
rNeg    . . .      Spirit   .    b - +0 scale mail
rPois   .          Reflect  .    (helmet unavailable)
rElec   .          Rampage  .    (no cloak)
rCorr   .                        (no gloves)
Will    .....                    i - +1 pair of boots Stlth
                                 (no amulet)
HPRegen 0.33/turn                o - +6 ring of strength
MPRegen 0.11/turn                (no ring)

@: lethally poisoned (-2 -> -18)
A: permanent stasis, dig shafts and tunnels, antennae 3, four strong arms
a: Dig, Shaft Self, Renounce Religion


You were on level 8 of the Dungeon.
You worshipped Ru.
Ru was noncommittal.
You visited 2 branches of the dungeon, and saw 9 of its levels.
You also visited: Sewer.

You collected 457 gold pieces.
You spent 101 gold pieces at shops.

Inventory:

Hand Weapons
 a - a +0 flail
 d - the +1 mace of the Desert {heavy, *Noise rPois Int+2 SInv}
   (You found it on level 3 of the Dungeon)

   Int:       It affects your intelligence (+2).
   rPois:     It protects you from poison.
   SInv:      It lets you see invisible.
   *Noise:    It may make noises in combat.
 q - a +2 heavy flail
 D - a +2 flail
 I - a +3 morningstar (weapon)
Armour
 b - a +0 scale mail (worn)
 c - a +0 buckler (worn)
 i - a +1 pair of boots (worn)
Jewellery
 n - an amulet of faith
 o - a +6 ring of strength (left hand)
 p - an amulet of regeneration
Wands
 k - a wand of iceblast (15)
 x - a wand of mindburst (15)
 y - a wand of paralysis (8)
 A - a wand of light (8)
 L - a wand of digging (4)
Scrolls
 g - a scroll of blinking {unknown}
 r - 2 scrolls of enchant armour
 s - a scroll of amnesia {unknown}
 u - a scroll of immolation {unknown}
 v - 2 scrolls of fog
 C - a scroll of torment {unknown}
 E - a scroll of poison {unknown}
 G - a scroll of brand weapon {unknown}
 J - a scroll of magic mapping {unknown}
Potions
 e - 2 potions of attraction
 f - 2 potions of lignification
 h - 3 potions of flight
 j - 8 potions of curing
 l - a potion of magic
 m - 3 potions of invisibility
 t - 3 potions of brilliance
 w - a potion of heal wounds
 z - a potion of mutation
 B - 2 potions of might
 F - a potion of ambrosia {unknown}
 K - a potion of resistance {unknown}


   Skills:
 + Level 10.3 Fighting
 + Level 9.2 Maces & Flails
 - Level 3.3 Armour
 - Level 4.0 Shields


You had 8 spell levels left.
You didn't know any spells.
Your spell library contained the following spells:

 Spells                   Type           Power      Damage    Failure   Level
 Sandblast                Erth           0%         2d4       71%         1
 Passwall                 Tmut/Erth      0%         N/A       83%         2
 Sublimation of Blood     Necr           0%         N/A       83%         2
 Wereblood                Tmut           0%         N/A       83%         2
 Inner Flame              Hex/Fire       0%         N/A       97%         3
 Stone Arrow              Conj/Erth      0%         3d7       97%         3
 Flame Wave               Conj/Fire      0%         2d4       100%        4
 Sticky Flame             Conj/Fire      0%         2d3       100%        4
 Summon Hydra             Summ           0%         N/A       100%        7


Dungeon Overview and Level Annotations

Branches:
Dungeon (8/15)             Temple (1/1) D:7           Sewer (visited)
   Lair: D:8-11

Altars:
Ashenzari
Cheibriados
Dithmenos
Elyvilon
Fedhas
Gozag
Hepliaklqana
Kikubaaqudgha
Nemelex Xobeh
Okawaru
Qazlal
Ru
Sif Muna
Trog
Uskayaw
Xom
Yredelemnul
Zin
The Shining One

Shops:
D:5 *


Innate Abilities, Weirdness & Mutations

You cannot be hasted, slowed, berserked, paralysed or teleported.
You can dig through walls and to a lower floor.
You have a pair of large antennae on your head. (SInv)
Your four strong arms can wield two-handed weapons with a shield.


Message History

The killer bee stings you but does no damage. x2
You hit the killer bee but do no damage.
The killer bee is heavily wounded.
You feel very sick. You block the killer bee's attack. x2
You are too injured to fight recklessly!
You closely miss the killer bee.
The killer bee is heavily wounded.
You feel very sick. The killer bee closely misses you.
The killer bee misses you.
You miss the killer bee.
The killer bee is heavily wounded.
You feel sick. You block the killer bee's attack. x2
The killer bee barely misses you.
You puncture the killer bee!
You kill the killer bee!
You feel sick. The killer bee stings you!
You are more poisoned.
The killer bee poisons you!
You puncture the killer bee!
The killer bee is moderately wounded.
You feel very sick. You block the killer bee's attack. x2
You hit the killer bee.
The killer bee is severely wounded.
You feel sick.
The killer bee stings you but does no damage.
You block the killer bee's attack.
You miss the killer bee.
The killer bee is severely wounded.
You feel very sick. The killer bee stings you.
* * * LOW HITPOINT WARNING * * *
The killer bee stings you!
* * * LOW HITPOINT WARNING * * *
You are more poisoned.
The killer bee poisons you!
You sock the killer bee!
You kill the killer bee!
You die...

#...##
##...##.........#
#..##
##.(.###......##
..##
#...######...#
.## #....# #####
## #..#.## #
###..#..## #
#....##..# #
#.....##.## #
##....@†..## #
##..####..# # #..
##.# { #.
#.y...yyy #
##....... #...y..
...... ......
.....


There were no monsters in sight!

Vanquished Creatures
  A wyvern (D:7)
  Edmund (D:5)
  A water moccasin (Sewer)
  2 ice beasts
  A sky beast (D:8)
  A black bear (D:6)
  3 ogres (D:5)
  A centaur (D:7)
  7 scorpions
  9 wights
  2 killer bees (D:8)
  2 jellies
  A hound (D:6)
  3 orc priests
  A sleepcap (D:4)
  Terence (D:3)
  3 iguanas (D:4)
  2 orc wizards
  3 gnolls (D:4)
  8 adders
  A white imp (D:7)
  An ufetubus (D:5)
  A worm (D:3)
  A dart slug (D:3)
  11 orcs
  11 endoplasms
  9 giant cockroaches
  6 goblins
  6 hobgoblins
  6 jackals
  A quokka (D:2)
  10 ball pythons
  10 bats
  4 kobolds
  4 rats
135 creatures vanquished.

Notes
Turn   | Place    | Note
-------+----------+-------------------------------------------
     0 | D:1      | cforsyth the Formicid Fighter began the quest for the Orb.
     0 | D:1      | Reached XP level 1. HP: 18/18 MP: 1/1
   183 | D:1      | Reached XP level 2. HP: 21/24 MP: 2/2
   434 | D:1      | Reached XP level 3. HP: 30/30 MP: 3/3
   775 | D:1      | Reached skill level 4 in Fighting
  1376 | D:2      | Reached XP level 4. HP: 33/37 MP: 4/4
  2008 | D:3      | Noticed Terence
  2025 | D:3      | Killed Terence
  2026 | D:3      | Reached XP level 5. HP: 28/43 MP: 5/5
  2050 | D:3      | Identified the +1 mace of the Desert {heavy, *Noise rPois
                  | Int+2 SInv}
  2123 | D:3      | Found a glowing drain.
  2157 | Sewer    | Entered a sewer
  2166 | Sewer    | Reached skill level 5 in Fighting
  2211 | Sewer    | Noticed a water moccasin
  2226 | Sewer    | Killed a water moccasin
  2227 | Sewer    | Reached XP level 6. HP: 27/51 MP: 6/6
  3010 | D:4      | Reached skill level 6 in Fighting
  3010 | D:4      | Reached skill level 5 in Maces & Flails
  3163 | D:4      | Reached XP level 7. HP: 58/58 MP: 7/7
  3428 | D:4      | Found a hide-covered altar of Uskayaw.
  4391 | D:5      | Entered Level 5 of the Dungeon
  4470 | D:5      | Reached skill level 7 in Fighting
  4538 | D:5      | Reached XP level 8. HP: 52/67 MP: 8/8
  4790 | D:5      | Found a shadowy altar of Dithmenos.
  4855 | D:5      | Found a blossoming altar of Fedhas.
  4856 | D:5      | Found a shimmering blue altar of Sif Muna.
  4859 | D:5      | Found a basalt altar of Yredelemnul.
  4861 | D:5      | Found a shimmering altar of Xom.
  4916 | D:5      | Found a white marble altar of Elyvilon.
  4978 | D:5      | Noticed Edmund
  4990 | D:5      | Killed Edmund
  4991 | D:5      | Reached skill level 8 in Fighting
  5282 | D:5      | Found Kuamu's Assorted Antiques.
  5291 | D:5      | Bought a scroll labelled BOLOGGE DOSUPLIUKH for 22 gold
                  | pieces
  5291 | D:5      | Bought a fuming cyan potion for 19 gold pieces
  5291 | D:5      | Bought a fuming blue potion for 19 gold pieces
  5291 | D:5      | Bought a fizzy clear potion for 19 gold pieces
  5291 | D:5      | Bought a scroll labelled QEMASI JODAUC for 22 gold pieces
  5293 | D:5      | Found an opulent altar of Gozag.
  6126 | D:6      | Reached XP level 9. HP: 75/75 MP: 9/9
  6257 | D:6      | Reached skill level 9 in Fighting
  6485 | D:7      | Found a staircase to the Ecumenical Temple.
  6503 | Temple   | Entered the Ecumenical Temple
  6512 | Temple   | Became a worshipper of Ru the Awakened
  7210 | D:7      | Reached skill level 10 in Fighting
  8038 | D:8      | Found an ancient bone altar of Kikubaaqudgha.
  8126 | D:8      | HP: 3/79 [killer bee (8)]
  8127 | D:8      | Succumbed to a killer bee's poison

Illustrated notes

Levels and vault maps discovered:
D:1:      sevenhm_arrival_forest_fort_large_2, layout_loops_corners
D:2:      layout_basic, minmay_misc_feat_roman, kennysheep_generic_room_15
D:3:      layout_rooms, gup_sewer_entry_glass, uniq_terence
D:4:      layout_layer_cave, nicolae_overflow_hidden_temple
D:5:      layout_rooms, mainiacjoe_overflow_24_doors, elyvilon_altar_3,
          grunt_gozag_statues, minitemple, serial_shops, shop,
          dreamdust_wishing_well, kennysheep_generic_room_4, uniq_edmund
D:6:      layout_basic
D:7:      layout_loops_corners, minmay_temple_entry_ruins
D:8:      layout_cave_pods, kiku_gazebo_pond_becter, kennysheep_generic_room_8
Temple:   nicolae_temple_ecumenical_triangle

Skill      XL: |  1  2  3  4  5  6  7  8  9 |
---------------+----------------------------+-----
Fighting       | 4 5 6 7 8 10 | 10.3
Maces & Flails | 3 4 5 6 7 9 |  9.2
Armour         | |  3.3
Shields        | |  4.0

Action                     |  1- 3 |  4- 6 |  7- 9 || total
---------------------------+-------+-------+-------++-------
  Melee: Flail             |   103 |   161 |   177 ||   441
         Morningstar       |       |       |    42 ||    42
    Use: Scroll            |       |     2 |    11 ||    13
         Potion            |       |     1 |     1 ||     2
 Armour: Scale mail        |    34 |   105 |    89 ||   228
  Dodge: Dodged            |    43 |    81 |    98 ||   222
  Block: Buckler           |    19 |    43 |    51 ||   113

Table legend: (Time is in decaauts)
 A = Elapsed time spent in this place.
 B = Non-inter-level travel time spent in this place.
 C = Inter-level travel time spent in this place.
 D = Time resting spent in this place.
 E = Time spent auto-exploring this place.
 F = Levels seen in this place.
 G = Mean time per level.
                   A        B        C        D        E       F      G
               +--------+--------+--------+--------+--------+-----+--------+
         Total |   8248 |   7977 |    271 |   1164 |   5350 |  10 |  824.8 |
       Dungeon |   7488 |   7224 |    264 |    573 |   5339 |   8 |  936.0 |
        Temple |    509 |    502 |      7 |    470 |      0 |   1 |  509.0 |
         Sewer |    250 |    250 |      0 |    121 |     11 |   1 |  250.0 |
               +--------+--------+--------+--------+--------+-----+--------+

Top non-repeatable levels by time:
     D:4: 1892 daAuts
     D:5: 1200 daAuts
     D:1: 1102 daAuts
     D:7: 1014 daAuts
     D:2: 856 daAuts
     D:6: 701 daAuts
  Temple: 509 daAuts
     D:3: 474 daAuts
   Sewer: 250 daAuts
     D:8: 246 daAuts
